 Dungeon Crawl Stone Soup version 0.31-a0-37-g98a128e1d9 (webtiles) character file.

Game seed: 3481276915663804187

1 BlueFish the Charlatan (level 1, -2/16 HPs)
             Began as a Draconian Artificer on May 14, 2023.
             Frozen to death by an endoplasm (5 damage)
             ... on level 1 of the Dungeon.
             The game lasted 00:00:21 (31 turns).

BlueFish the Charlatan (Draconian Artificer)          Turns: 31, Time: 00:00:21

Health: -2/16      AC:  4    Str: 14    XL:     1   Next: 16%
Magic:  1/1        EV: 12    Int: 11    God:
Gold:   0          SH:  0    Dex: 11    Spells: 0/0 levels left

rFire   . . .        a - +0 club
rCold   . . .        (no shield)
rNeg    . . .        (body armour unavailable)
rPois   .            (helmet restricted)
rElec   .            (no cloak)
rCorr   .            (no gloves)
SInv    .            (no boots)
Will    .....        (no amulet)
Stlth   +            (no ring)
HPRegen 0.22/turn    (no ring)
MPRegen 0.07/turn

%: no passive effects
@: no status effects
A: AC +4, unfitting armour, cold-blooded
a: no special abilities


You were on level 1 of the Dungeon.
You visited 1 branch of the dungeon, and saw 1 of its levels.

Inventory:

Hand Weapons
 a - a +0 club (weapon)
Wands
 b - a wand of flame (15) (quivered)
 c - a wand of charming (15)
 d - a wand of iceblast (5)
Potions
 e - a potion of degeneration {unknown}


   Skills:
 + Level 1.1 Fighting
 + Level 2.1 Dodging
 + Level 0.9 Stealth
 + Level 3.0 Evocations


You couldn't memorise any spells.
You didn't know any spells.
Your spell library was empty.

Dungeon Overview and Level Annotations

Branches:
Dungeon (1/15)

Altars:


Innate Abilities, Weirdness & Mutations

Your plain brown scales are hard. (AC +4)
You cannot fit into any form of body armour.
You are cold-blooded and may be slowed by cold attacks.


Message History

The quokka misses you. The quokka barely misses you.
You closely miss the quokka.
The quokka is heavily wounded.
The quokka bites you.
You barely miss the quokka.
The quokka is heavily wounded.
The quokka bites you. The endoplasm freezes you.
You are frozen.
You feel yourself slow down. The quokka completely misses you.
You closely miss the quokka.
The quokka is moderately wounded.
You feel yourself speed up.
The endoplasm hits you but does no damage.
The quokka bites you but does no damage.
The endoplasm misses you. The quokka completely misses you.
You completely miss the quokka.
The quokka is moderately wounded.
The endoplasm hits you. The quokka closely misses you.
The endoplasm freezes you.
You are frozen.
You feel yourself slow down. The quokka bites you.
* * * LOW HITPOINT WARNING * * *
You barely miss the quokka.
The quokka is moderately wounded.
You feel yourself speed up. The quokka bites you.
* * * LOW HITPOINT WARNING * * *
The endoplasm barely misses you. The quokka barely misses you.
The endoplasm misses you.
You closely miss the quokka. You tail-slap the quokka.
The quokka is almost dead.
The quokka closely misses you. The endoplasm closely misses you.
The quokka barely misses you.
You hit the quokka.
You kill the quokka!
The endoplasm hits you but does no damage.
You hit the endoplasm but do no damage. You tail-slap the endoplasm.
The endoplasm is moderately wounded.
The endoplasm freezes you.
You are frozen.
You die...

........##
...8.....#
.........######
..............####
.................#
..............##.###
###................
###..........#.#####
#..>........@....##
#...#........J~.~~..
###.#.#.####.#.≈≈≈≈≈
#.#.#.# #...≈♣♣♣≈
#.#.#.# ###~≈♣
#...... .≈♣ ###.##.
≈≈≈ #.. .. ..~ ###
.. ≈≈≈


You could see an endoplasm.

Vanquished Creatures
  A quokka (D:1)
1 creature vanquished.

Notes
Turn   | Place    | Note
-------+----------+-------------------------------------------
     0 | D:1      | BlueFish the Draconian Artificer began the quest for the
                  | Orb.
     0 | D:1      | Reached XP level 1. HP: 16/16 MP: 1/1
    31 | D:1      | Frozen to death by an endoplasm

Illustrated notes

Levels and vault maps discovered:
D:1:      nicolae_arrival_washed_ashore, layout_basic, serial_shops, shop_coins,
          kennysheep_boxes

Action                     || total
---------------------------++-------
  Melee: Club              ||     9
         Tailslap          ||     2
   Stab: Sleeping          ||     1
 Armour: Skin              ||     3
  Dodge: Dodged            ||    12

Table legend: (Time is in decaauts)
 A = Elapsed time spent in this place.
 B = Non-inter-level travel time spent in this place.
 C = Inter-level travel time spent in this place.
 D = Time resting spent in this place.
 E = Time spent auto-exploring this place.
 F = Levels seen in this place.
 G = Mean time per level.
                   A        B        C        D        E       F      G
               +--------+--------+--------+--------+--------+-----+--------+
         Total |     34 |     34 |      0 |      0 |      4 |   1 |   34.0 |
       Dungeon |     34 |     34 |      0 |      0 |      4 |   1 |   34.0 |
               +--------+--------+--------+--------+--------+-----+--------+

Top non-repeatable levels by time:
     D:1: 34 daAuts
